 Dungeon Crawl Stone Soup version 0.21.0-24-g2553a33 (webtiles) character file.

498 Grimoiregrey the Changer (level 6, -1/47 HPs)
             Began as a Draconian Transmuter on Jan 21, 2018.
             Slain by Duvessa
             ... wielding a +0 short sword
              (4 damage)
             ... on level 4 of the Dungeon.
             The game lasted 00:43:57 (5700 turns).

Grimoiregrey the Changer (Draconian Transmuter)     Turns: 5700, Time: 00:43:58

Health: -1/47      AC:  9    Str: 13    XL:     6   Next: 94%
Magic:  6/9        EV: 12    Int: 15    God:
Gold:   84         SH:  0    Dex: 11    Spells: 5/9 levels left

rFire    . . .     SeeInvis .     - Unarmed
rCold    + . .     Gourm    .   (no shield)
rNeg     . . .     Faith    .   (armour unavailable)
rPois    .         Spirit   .   r - +2 hat
rElec    .         Reflect  .   d - scarf {repulsion}
rCorr    .         Harm     +   m - +0 pair of gloves
MR       .....                  (no boots)
Stlth    +.........             e - amulet of harm
HPRegen  0.15/turn              t - ring of protection from cold
MPRegen  0.11/turn              (no ring)

@: lethally poisoned (-1 -> -2), repel missiles
A: unfitting armour, cold-blooded, AC +6
a: no special abilities


You were on level 4 of the Dungeon.
You were not hungry.

You visited 1 branch of the dungeon, and saw 5 of its levels.

You collected 84 gold pieces.

Inventory:

Missiles
 a - 12 arrows
Armour
 d - a scarf of repulsion (worn)
 m - a +0 pair of gloves (worn)
 r - a +2 hat (worn)
Jewellery
 e - an amulet of harm (around neck)
 t - a ring of protection from cold (left hand)
Wands
 v - a wand of iceblast (7)
Scrolls
 f - 2 scrolls of noise
 h - 5 scrolls of identify
 l - a scroll of amnesia {unknown}
 s - 2 scrolls of teleportation {unknown}
 u - a scroll of fog {unknown}
Potions
 g - a potion of berserk rage {unknown}
 i - a potion of curing
 j - 2 potions of flight
 k - 2 potions of cancellation
 n - a potion of haste {unknown}
 o - 2 potions of invisibility
 p - a potion of lignification {unknown}
 q - a potion of mutation {unknown}
Books
 b - a book of Changes

   Spells                             Type                      Level
   a - Beastly Appendage              Transmutation                1
   b - Sticks to Snakes               Transmutation                2
   c - Spider Form                    Transmutation/Poison         3
   d - Ice Form                       Ice/Transmutation            4
   e - Blade Hands                    Transmutation                5
Comestibles
 c - 5 rations


   Skills:
 - Level 1.1 Fighting
 - Level 2.0 Dodging
 - Level 4.1 Unarmed Combat
 - Level 2.1 Spellcasting
 + Level 6.8 Transmutations


You had 5 spell levels left.
You knew the following spells:

 Your Spells              Type           Power        Failure   Level  Hunger
a - Beastly Appendage     Tmut           ###...       1%          1    #......
b - Spider Form           Tmut/Pois      ##........   16%         3    ###....


Dungeon Overview and Level Annotations

Branches:
Dungeon (5/15)
 Temple: D:4-7

Altars:
Fedhas
Qazlal
Sif Muna

Annotations:
D:4 Dowan, Duvessa


Innate Abilities, Weirdness & Mutations

Your plain brown scales are hard. (AC +6)
You cannot fit into any form of body armour.
You are cold-blooded and may be slowed by cold attacks.


Message History

Things that are here:
an enchanted dagger; a robe; an orc corpse You feel sick.
Your transformation has ended.
Your scarf of repulsion unmelds from your body.
Your +2 hat unmelds from your body.
Your +0 pair of gloves unmelds from your body.
You are surrounded by a repulsion field.
You feel sick.
Duvessa says, "When magic and the sword combine, nothing stands against them."
You feel sick. Duvessa hits you with a short sword.
* * * LOW HITPOINT WARNING * * *
Dowan, Brother of Duvessa comes into view.
He is wielding a dagger of holy wrath.
You feel sick.
Dowan points at you and mumbles some strange words.
The puff of flame is repelled.
Dowan says, "My weaknesses are her strengths!"
Duvessa hits you with a short sword.
You die...

...#.##....##.## #.#
.###.##.....#..###.###
. #..#..............##
##.)...............##
###.>..............#
#......e.........#
#................#
#..........e.....#
#.........@......#
#................#
##..............##
.....#......##
####..(....##
###...#.## #.# ###
#......# ..
....####..##### #.#
#.#...........#


You could see Duvessa and Dowan.

Vanquished Creatures
  A phantom (D:4)
  A scorpion (D:4)
  An orc priest (D:4)
  A hound (D:4)
  2 orc wizards
  A worker ant (D:4)
  A howler monkey skeleton (D:4)
  9 adders
  2 oozes
  A worm (D:2)
  5 dart slugs
  3 leopard geckos
  14 orcs
  7 giant cockroaches
  5 goblins
  9 hobgoblins
  6 jackals
  3 quokkas
  9 bats
  3 frilled lizards
  7 kobolds
  A quokka skeleton (D:4)
  4 rats
96 creatures vanquished.

Notes
Turn   | Place    | Note
-------+----------+-------------------------------------------
     0 | D:1      | Grimoiregrey the Draconian Transmuter began the quest for the Orb.
     0 | D:1      | Reached XP level 1. HP: 16/16 MP: 3/3
   456 | D:1      | Reached XP level 2. HP: 18/23 MP: 3/5
  1181 | D:1      | Reached XP level 3. HP: 28/28 MP: 4/6
  1983 | D:2      | Found a stormy altar of Qazlal.
  2223 | D:2      | Reached XP level 4. HP: 29/35 MP: 5/7
  2394 | D:2      | Reached skill level 3 in Transmutations
  2878 | D:2      | Found a blossoming altar of Fedhas.
  2998 | D:3      | Found a deep blue altar of Sif Muna.
  3448 | D:3      | Reached skill level 4 in Transmutations
  3457 | D:3      | Reached XP level 5. HP: 6/40 MP: 8/8
  4519 | D:4      | Noticed a phantom
  4543 | D:4      | Reached skill level 5 in Transmutations
  4974 | D:4      | Noticed an ogre
  4986 | D:4      | Noticed Duvessa
  5056 | D:5      | Entered Level 5 of the Dungeon
  5084 | D:4      | Killed a phantom
  5084 | D:4      | Reached XP level 6. HP: 47/47 MP: 9/9
  5099 | D:4      | Reached skill level 6 in Transmutations
  5359 | D:4      | Learned a level 3 spell: Spider Form
  5696 | D:4      | Noticed Dowan
  5700 | D:4      | Slain by Duvessa

Skill      XL: |  1  2  3  4  5  6 |
---------------+-------------------+-----
Dodging        | 2 |  2.0
Unarmed Combat | 4 |  4.1
Transmutations | 4 5 6 |  6.8
Fighting       | |  1.1
Spellcasting   | |  2.1

Action                   |  1- 3 |  4- 6 || total
-------------------------+-------+-------++-------
Melee: Unarmed           |   129 |   275 ||   404
       Tailslap          |    11 |    26 ||    37
       Headbutt          |     8 |    16 ||    24
       Kick              |     5 |    18 ||    23
       Punch             |       |     2 ||     2
 Cast: Beastly Appendage |    19 |    33 ||    52
       Spider Form       |       |     2 ||     2
Evoke: Wand              |       |     3 ||     3
  Use: Scroll            |       |     7 ||     7
       Potion            |       |     3 ||     3
 Stab: Sleeping          |     1 |       ||     1
  Eat: Chunk             |     3 |     2 ||     5
       Ration            |     1 |     3 ||     4
Armor: Skin              |    47 |    93 ||   140
Dodge: Dodged            |   102 |   183 ||   285
       Deflected         |     1 |     6 ||     7
